 Dungeon Crawl Stone Soup version 0.23-a0-436-g57debff (webtiles) character file.

18908 Lavandula the Grappler (level 12, -32/63 (64) HPs)
             Began as an Octopode Hunter on Nov 16, 2018.
             Was a High Priest of Ru.
             Hit by a large rock thrown by a cyclops (38 damage)
             ... on level 11 of the Dungeon.
             The game lasted 00:53:04 (7234 turns).

Lavandula the Grappler (Octopode Hunter)            Turns: 7234, Time: 00:53:04

HP:   -32/63 (64)   AC:  6    Str: 19      XL:     12   Next: 63%
MP:   5/15          EV: 16    Int: 14      God:    Ru [*****.]
Gold: 470           SH:  0    Dex: 10 (12) Spells: 14/17 levels left

rFire    + . .     SeeInvis +     - Unarmed
rCold    . . .     Gourm    .   (no shield)
rNeg     . . .     Faith    .   (helmet restricted)
rPois    .         Spirit   .   a - amulet of regeneration
rElec    .         Reflect  .   o - ring of see invisible
rCorr    .         Harm     .   (no ring)
MR       .....                  h - +5 ring of protection
Stlth    ++++......             y - ring of stealth
HPRegen  0.60/turn              D - +3 ring of strength
MPRegen  0.14/turn              n - ring of stealth
                                (no ring)
                                (no ring)

@: exhausted, no potions, very slightly contaminated, heavily drained
A: almost no armour, stealthy swim, amphibious, 8 rings, constrict 8, camouflage
1, deterioration 1, fire resistance 1, frail 2, low mp 1, gelatinous body 1,
evolution 1, inability to drink while threatened, no conjurations magic, no
hexes magic, no poison magic
a: Draw Out Power, Power Leap, Apocalypse, Renounce Religion


You were on level 11 of the Dungeon.
You worshipped Ru.
Ru was extremely pleased with you.
You were very hungry.

You visited 2 branches of the dungeon, and saw 15 of its levels.
You also visited: Ice Cave.

You collected 470 gold pieces.

Inventory:

Hand Weapons
 p - a +0 spear
 A - a +1 hunting sling of freezing
 G - a +4 spear of distortion
 I - a +0 blowgun
 R - a +2 antimagic halberd
Missiles
 c - a throwing net
 e - 3 tomahawks (quivered)
 q - 64 sling bullets
 K - 6 curare-tipped needles
Armour
 w - a +0 shield
Magical Staves
 M - an uncursed staff of death
Jewellery
 a - an amulet of regeneration (around mantle)
 h - a +5 ring of protection (on tentacle)
 k - an uncursed amulet of the acrobat
 n - a ring of stealth (on tentacle)
 o - a ring of see invisible (left tentacle)
 y - a ring of stealth (on tentacle)
 D - a +3 ring of strength (on tentacle)
Wands
 s - a wand of flame (12)
Scrolls
 g - 3 scrolls of random uselessness
 j - 3 scrolls of amnesia
 m - 3 scrolls of enchant weapon
 r - 2 scrolls of teleportation
 t - 2 scrolls of fog
 u - 2 scrolls of remove curse
 z - a scroll of enchant armour
 L - a scroll of silence
 N - 2 scrolls of immolation {unknown}
 O - 3 scrolls of vulnerability {unknown}
 Q - a scroll of fear {unknown}
Potions
 f - 2 potions of curing
 i - a potion of might
 l - 4 potions of brilliance
 v - a potion of magic {unknown}
 x - a potion of mutation
 B - a potion of agility
 C - a potion of invisibility
 E - a potion of resistance {unknown}
 F - a potion of ambrosia {unknown}
 H - 2 potions of heal wounds {unknown}
 J - a potion of degeneration {unknown}
 P - a potion of cancellation {unknown}
Comestibles
 d - 12 rations


   Skills:
 - Level 7.2(5.9) Fighting
 - Level 4.0(2.7) Throwing
 - Level 9.5(8.1) Dodging
 - Level 1.3(0.2) Stealth
 + Level 13.5(11.9) Unarmed Combat
 - Level 3.0(1.8) Spellcasting
 - Level 6.0(4.7) Charms
 - Level 2.4(1.2) Ice Magic
 - Level 6.4(5.0) Evocations


You had 14 spell levels left.
You knew the following spells:

 Your Spells              Type           Power        Failure   Level  Hunger
a - Ozocubu's Armour      Chrm/Ice       #.......     22%         3    ####...

Your spell library contained the following spells:

 Spells                   Type           Power        Failure   Level  Hunger
 Freeze                   Ice            #...         14%         1    ##.....
 Pain                     Necr           #...         24%         1    ##.....
 Summon Ice Beast         Ice/Summ       #.......     88%         4    #####..
 Throw Frost              Conj/Ice       Unusable     N/A         2    N/A
 Throw Icicle             Conj/Ice       Unusable     N/A         4    N/A

Dungeon Overview and Level Annotations

Branches:
Dungeon (14/15)            Temple (1/1) D:4            Lair (0/6) D:10
    Orc: D:9-12      Vaults: D:13-14

Altars:
Ashenzari
Cheibriados
Dithmenos
Elyvilon
Gozag
Kikubaaqudgha
Makhleb
Okawaru
Qazlal
Ru
Sif Muna
Uskayaw
Vehumet
Yredelemnul
The Shining One

Shops:
D:13 %

Annotations:
D:3 Robin
D:9 Prince Ribbit


Innate Abilities, Weirdness & Mutations

You cannot wear most types of armour.
You are very stealthy in the water. (Stealth+)
You are amphibious.
You can wear up to eight rings at the same time.
You can use your tentacles to constrict eight enemies at once.
Your skin changes colour to match your surroundings (Stealth+).
You are very frail. (-20% HP)
Your rubbery body absorbs attacks. (AC +1, EV +1)
You cannot drink potions while threatened.
You cannot study or cast Conjurations magic.
You cannot study or cast Hexes magic.
You cannot study or cast Poison magic.
Your body sometimes deteriorates upon taking damage.
Your flesh is heat resistant. (rF+)
Your magical capacity is low. (-10% MP)
You evolve.


Message History

Your icy armour cracks and falls away as you move.
The cyclops is stunned by your will and fails to attack.
The cyclops throws a large rock.
The large rock hits you!
* * * LOW HITPOINT WARNING * * *
You see here a large rock.
Okay, then.
You cannot drink potions in your current state!
Unknown command.
Okay, then.
You're too exhausted to draw out your power.
Unknown command.
You cannot drink potions in your current state!
Unknown command.
Evoke which item? (* to show all) (? for menu, Esc to quit)
Okay, then.
As you read the scroll of fog, it crumbles to dust.
The scroll dissolves into smoke.
The cyclops throws a large rock.
The large rock hits you!!!
Ouch! That really hurt!
You die...

..#...(#...........(##...........
...................(.............
.....###.................##.....(
......#..........................
.................................
.............(..(.......)........
....([...........§D........###...
((.####.......§§§§..........##...
.)##..#.......§§@§..........##...
...........#...§§§§..............
....##....†#.....§...............
#....#...................)......#
.........(.)..................###
........(........C............. #
.................................
.........(..........#............
.....#..............#............


You could see an eight-headed hydra and a cyclops.

Vanquished Creatures
  Kirke (D:13)
  A centaur warrior (D:13)
  A two-headed ogre (D:12)
  An unseen horror (D:11)
  A necromancer (IceCv)
  An ugly thing (D:11)
  3 ice statues (IceCv)
  A gargoyle (D:11)
  A redback zombie (D:11)
  3 kobold demonologists (D:11)
  3 ice devils (IceCv)
  4 trolls
  4 hippogriffs
  Sigmund (D:5)
  A wyvern (D:13)
  19 yaks
  Eustachio (D:4)
  3 hogs (D:13)
  A soldier ant (D:11)
  3 hungry ghosts
  An acid dragon (D:12)
  3 water moccasins
  2 sky beasts
  10 ice beasts
  6 orc warriors
  A black bear (D:10)
  A phantom (D:4)
  A necrophage (D:11)
  An eye of draining (D:12)
  2 ogres
  12 centaurs
  4 big kobolds
  Blork the orc (D:5)
  8 bullfrogs
  A water moccasin zombie (D:5)
  A scorpion (D:13)
  8 killer bees
  4 howler monkeys
  4 crimson imps
  2 bullfrog zombies (D:5)
  7 hounds
  A jelly (D:8)
  3 orc priests
  9 orc wizards
  A bullfrog skeleton (D:5)
  2 iguanas
  7 worker ants
  A killer bee zombie (D:5)
  2 hound zombies (D:5)
  2 hound skeletons
  A howler monkey zombie (D:5)
  2 worker ant zombies (D:5)
  A gnoll (D:7)
  12 adders
  6 shadow imps
  2 oozes (D:2)
  An adder skeleton (D:8)
  2 adder zombies
  2 worms
  A dart slug (D:4)
  3 leopard geckos
  33 orcs
  4 bats
  4 giant cockroaches
  5 goblins
  3 hobgoblins
  4 jackals
  3 quokkas
  A ball python (D:2)
  2 frilled lizards
  16 kobolds
  3 rats
273 creatures vanquished.

Vanquished Creatures (collateral kills)
  A bullfrog (D:7)
  2 orcs (D:7)
3 creatures vanquished.

Vanquished Creatures (others)
  A cyclops (D:12)
  An orc (D:13)
2 creatures vanquished.

Grand Total: 278 creatures vanquished

Notes
Turn   | Place    | Note
-------+----------+-------------------------------------------
     0 | D:1      | Lavandula the Octopode Hunter began the quest for the Orb.
     0 | D:1      | Reached XP level 1. HP: 14/14 MP: 1/1
   103 | D:1      | Reached skill level 1 in Unarmed Combat
   300 | D:2      | Reached XP level 2. HP: 19/19 MP: 2/2
   433 | D:2      | Reached skill level 2 in Unarmed Combat
   499 | D:2      | Reached XP level 3. HP: 17/24 MP: 3/3
   578 | D:2      | HP: 1/24 [worm (10)]
   636 | D:2      | Found a snail-covered altar of Cheibriados.
   859 | D:3      | Reached skill level 3 in Unarmed Combat
   915 | D:3      | Reached XP level 4. HP: 6/29 MP: 4/4
  1098 | D:3      | Noticed Robin
  1511 | D:4      | Reached skill level 4 in Unarmed Combat
  1533 | D:5      | Entered Level 5 of the Dungeon
  1757 | D:4      | Noticed a phantom
  1775 | D:4      | Killed a phantom
  1775 | D:4      | Reached skill level 5 in Unarmed Combat
  1775 | D:4      | Reached XP level 5. HP: 23/34 MP: 5/5
  1776 | D:4      | Noticed Eustachio
  1888 | D:4      | Found a staircase to the Ecumenical Temple.
  1895 | Temple   | Entered the Ecumenical Temple
  2003 | Temple   | Became a worshipper of Ru the Awakened
  2118 | D:4      | Killed Eustachio
  2118 | D:4      | Reached skill level 6 in Unarmed Combat
  2118 | D:4      | Reached XP level 6. HP: 39/39 MP: 6/6
  2250 | D:5      | Noticed Sigmund
  2269 | D:5      | Reached skill level 7 in Unarmed Combat
  2269 | D:5      | Reached XP level 7. HP: 43/45 MP: 7/7
  2296 | D:5      | Killed Sigmund
  2452 | D:5      | Noticed Blork the orc
  2461 | D:5      | Killed Blork the orc
  2576 | D:6      | Reached XP level 8. HP: 25/50 MP: 8/8
  2584 | D:6      | Reached skill level 8 in Unarmed Combat
  2814 | D:6      | Reached skill level 9 in Unarmed Combat
  2968 | D:6      | Gained mutation: You cannot study or cast Poison magic. [Ru
                  | sacrifice]
  2968 | D:6      | Gained mutation: You cannot study or cast Hexes magic. [Ru
                  | sacrifice]
  2968 | D:6      | Gained mutation: You cannot study or cast Conjurations
                  | magic. [Ru sacrifice]
  2968 | D:6      | Reached * piety under Ru
  3155 | D:6      | Reached skill level 10 in Unarmed Combat
  3265 | D:7      | Reached XP level 9. HP: 48/55 MP: 9/9
  3427 | D:8      | Found an opulent altar of Gozag.
  3475 | D:9      | Reached skill level 5 in Fighting
  3487 | D:9      | Noticed Prince Ribbit
  3573 | D:9      | Noticed a troll
  3583 | D:9      | Killed a troll
  3669 | D:10     | Entered Level 10 of the Dungeon
  3676 | D:11     | Noticed a gargoyle
  3996 | D:7      | Reached skill level 5 in Evocations
  3996 | D:7      | Reached XP level 10. HP: 51/71 MP: 13/13
  4383 | D:9      | Gained mutation: You are frail. (-10% HP) [Ru sacrifice]
  4383 | D:9      | Reached ** piety under Ru
  4383 | D:9      | Reached *** piety under Ru
  4407 | D:9      | Found an ancient bone altar of Kikubaaqudgha.
  4408 | D:9      | Found a radiant altar of Vehumet.
  4413 | D:9      | Found a deep blue altar of Sif Muna.
  4416 | D:9      | Identified Kikubaaqudgha's Handbook of Evil
  4494 | D:10     | Reached skill level 5 in Dodging
  4513 | D:10     | You fall through a shaft for 2 floors!
  4517 | D:11     | Noticed a kobold demonologist
  4519 | D:11     | Noticed a kobold demonologist
  4529 | D:11     | Killed a kobold demonologist
  4532 | D:11     | Noticed a soul eater
  4535 | D:11     | Noticed a kobold demonologist
  4562 | D:11     | Noticed a skeletal warrior
  4659 | D:12     | Noticed a five-headed hydra
  4737 | D:11     | Killed a gargoyle
  4814 | D:11     | Noticed an unseen horror
  4815 | D:11     | Noticed an eight-headed hydra
  4835 | D:11     | Gained mutation: Your body sometimes deteriorates upon
                  | taking damage. [potion of mutation]
  4835 | D:11     | Gained mutation: You evolve. [potion of mutation]
  4835 | D:11     | Gained mutation: Your magical capacity is low. (-10% MP)
                  | [potion of mutation]
  4835 | D:11     | Gained mutation: Your flesh is heat resistant. (rF+)
                  | [potion of mutation]
  4863 | D:11     | Killed an unseen horror
  4872 | D:11     | Reached XP level 11. HP: 42/67 MP: 14/14
  4956 | D:11     | Noticed a cyclops
  4995 | D:11     | Noticed a skeletal warrior
  4996 | D:11     | Noticed a skeletal warrior
  5106 | D:10     | Reached skill level 11 in Unarmed Combat
  5167 | D:10     | Gained mutation: You cannot drink potions while threatened.
                  | [Ru sacrifice]
  5167 | D:10     | Reached **** piety under Ru
  5182 | D:10     | Found a staircase to the Lair.
  5357 | D:12     | Noticed a cyclops
  5410 | D:13     | Noticed Kirke
  5444 | D:13     | Killed Kirke
  5444 | D:13     | Reached skill level 12 in Unarmed Combat
  5485 | D:13     | Found a frozen archway.
  5594 | D:13     | Noticed a centaur warrior
  5608 | D:13     | Killed a centaur warrior
  5608 | D:13     | Reached skill level 13 in Unarmed Combat
  5646 | D:13     | Found Fohoteso's Food Boutique.
  5691 | IceCv    | Entered an ice cave
  5721 | IceCv    | Reached XP level 12. HP: 25/71 MP: 15/15
  5726 | IceCv    | Learned a level 3 spell: Ozocubu's Armour
  5814 | IceCv    | Reached skill level 1 in Charms
  5947 | IceCv    | Reached skill level 1 in Ice Magic
  6106 | IceCv    | Reached skill level 1 in Spellcasting
  6794 | D:12     | Noticed a two-headed ogre
  6889 | D:12     | Killed a two-headed ogre
  6963 | D:13     | Reached skill level 5 in Charms
  7009 | D:12     | Gained mutation: You are very frail. (-20% HP) [Ru
                  | sacrifice]
  7009 | D:12     | Reached ***** piety under Ru
  7234 | D:11     | Hit by a large rock thrown by a cyclops

Vault maps used:
D:1:      dpeg_arrival_stonehenge_8_columns, st_stairs_4
D:2:      lemuel_coloured_pillars_altar
D:3:      hangedman_feature_mirror, saegor_snake_ambush, uniq_robin
D:4:      temple_green, st_stairs_10, minmay_misc_feat_doors, uniq_eustachio
D:5:      first_ration, serial_undead, serial_undead_f, serial_undead_a,
          serial_undead_c, serial_undead_d, serial_undead_f, serial_undead_b,
          serial_undead_f, uniq_blork_the_orc, uniq_sigmund, uniq_pikel
D:7:      trog_eyes_of_draining
D:8:      gammafunk_temple_overflow_statue
D:9:      grunt_temple_overflow_magic_moments, uniq_prince_ribbit1
D:10:     dpeg_oklobed_lair, david_orc_1_choice, chequers_hall_statues_y
D:13:     portal_ice_cave_entry_ice_beasts, serial_shops,
          nicolae_shop_competitors_out_of_business, uniq_kirke, uniq_nessos
D:14:     erik_vaults_2, grunt_decor_mini_mirrors, minmay_diamond_spiral
Temple:   regret_index_temple_generic_petals
IceCv:    ice_cave_tombish

Skill      XL: |  1  2  3  4  5  6  7  8  9 10 11 12 |
---------------+-------------------------------------+-----
Unarmed Combat | 1 2 3 5 6 7 10 13 | 13.5
Dodging        | 4 9 |  9.5
Fighting       | 7 |  7.2
Evocations     | 5 6 |  6.4
Charms         | 6 |  6.0
Ice Magic      | 2 |  2.4
Spellcasting   | 3 |  3.0
Throwing       | |  4.0
Stealth        | |  1.3

Action                   |  1- 3 |  4- 6 |  7- 9 | 10-12 || total
-------------------------+-------+-------+-------+-------++-------
Melee: Unarmed           |    55 |    78 |   200 |   513 ||   846
       Constrict         |    15 |    18 |    38 |    67 ||   138
       Tentacles         |     8 |    16 |    40 |    93 ||   157
       Punch             |       |     4 |    13 |    41 ||    58
 Fire: Hunting sling     |     2 |    27 |       |     3 ||    32
Throw: Tomahawk          |     3 |       |       |    15 ||    18
       Javelin           |     9 |     8 |    27 |    34 ||    78
       Throwing net      |       |       |     1 |     2 ||     3
 Cast: Ozocubu's Armour  |       |       |       |    14 ||    14
Invok: Sacrifice Arcana  |       |       |     1 |       ||     1
       Draw Out Power    |       |       |       |    18 ||    18
       Sacrifice Health  |       |       |       |     2 ||     2
       Power Leap        |       |       |       |     3 ||     3
       Sacrifice Drink   |       |       |       |     1 ||     1
       Apocalypse        |       |       |       |     1 ||     1
Evoke: Wand              |       |       |     5 |     8 ||    13
  Use: Scroll            |       |     3 |     5 |    10 ||    18
       Potion            |       |       |       |    14 ||    14
 Stab: Sleeping          |     7 |     2 |     3 |     2 ||    14
       Held in net/web   |       |       |       |     2 ||     2
       Invisible         |       |       |       |     4 ||     4
       Paralysed         |       |       |       |     7 ||     7
  Eat: Chunk             |       |     2 |     4 |     7 ||    13
       Ration            |       |     1 |       |     3 ||     4
Armor: Skin              |     5 |     7 |    43 |    86 ||   141
Dodge: Dodged            |    29 |    47 |    98 |   418 ||   592

Table legend:
 A = Non-vault XP
 B = Vault XP
 C = Vault XP percentage of total XP
 D = Non-vault monster count
 E = Vault monster count
 F = Vault count percentage of total count
                 A         B        C        D         E       F
            +---------+---------+-------+---------+---------+-------
      Total |   19609 |    7403 |  27.4 |     235 |      42 |  15.2
            +---------+---------+-------+---------+---------+-------
        D:1 |       6 |       3 |  33.3 |       3 |       2 |  40.0
        D:2 |      43 |       0 |   0.0 |      17 |       0 |   0.0
        D:3 |      24 |      31 |  56.4 |      11 |       4 |  26.7
        D:4 |     152 |     188 |  55.3 |       9 |       1 |  10.0
        D:5 |      50 |     668 |  93.0 |       3 |      14 |  82.4
        D:6 |    1090 |       0 |   0.0 |      30 |       0 |   0.0
        D:7 |     424 |       0 |   0.0 |      14 |       0 |   0.0
        D:8 |     756 |       0 |   0.0 |      13 |       0 |   0.0
        D:9 |    1865 |       0 |   0.0 |      16 |       0 |   0.0
       D:10 |    1224 |       6 |   0.5 |      15 |       2 |  11.8
       D:11 |    7182 |       0 |   0.0 |      57 |       0 |   0.0
       D:12 |    3686 |       0 |   0.0 |      25 |       0 |   0.0
       D:13 |    3107 |    3610 |  53.7 |      22 |      12 |  35.3
      IceCv |       0 |    2897 | 100.0 |       0 |       7 | 100.0
            +---------+---------+-------+---------+---------+-------
